 Dungeon Crawl Stone Soup version 0.25-a0-544-gee0576305d (webtiles) character file.

Game seed: 1456859143184418558, levelgen mode: classic

5301 EnegeticOcto the Cleaver (level 10, -6/96 HPs)
             Began as a Deep Dwarf Fighter on Feb 20, 2020.
             Was a Follower of Makhleb.
             Killed from afar by Erica (17 damage)
             ... with a bolt of poison
             ... on level 8 of the Dungeon.
             The game lasted 00:04:05 (3603 turns).

EnegeticOcto the Cleaver (Deep Dwarf Fighter)       Turns: 3603, Time: 00:04:05

Health: -6/96      AC: 16    Str: 24    XL:     10   Next: 37%
Magic:  10/10      EV: 12    Int: 10    God:    Makhleb [*.....]
Gold:   367        SH:  0    Dex: 12    Spells: 9/9 levels left

rFire    . . .     SeeInvis .   u - +3 battleaxe (flame)
rCold    . . .     Gourm    +   (shield currently unavailable)
rNeg     . . .     Faith    .   w - +0 storm dragon scales
rPois    .         Spirit   .   (no helmet)
rElec    +         Reflect  .   (no cloak)
rCorr    .         Harm     .   x - +0 pair of gloves
MR       +....                  o - +1 pair of boots
Stlth    ..........             n - amulet of the gourmand
HPRegen  0.00/turn              (no ring)
MPRegen  0.12/turn              (no ring)

@: lethally poisoned (-6 -> -6), non-regenerating, lightly drained
A: damage resistance, heal wounds, hooves 1, sense surroundings 2, strong 1,
sturdy frame 1, no regeneration
a: Heal Wounds, Renounce Religion


You were on level 8 of the Dungeon.
You worshipped Makhleb.
Makhleb was aware of your devotion.
You were very full.

You visited 2 branches of the dungeon, and saw 9 of its levels.
You also visited: Sewer.

You collected 367 gold pieces.

Inventory:

Hand Weapons
 u - a +3 battleaxe of flaming (weapon)
Missiles
 c - 2 throwing nets (quivered)
Armour
 o - a +1 pair of boots (worn)
 w - +0 storm dragon scales (worn)
 x - a +0 pair of gloves (worn)
Jewellery
 n - an amulet of the gourmand (around neck)
Wands
 h - a wand of disintegration (15)
 m - a wand of iceblast (17)
 r - a wand of flame (13)
Scrolls
 b - 2 scrolls of fear
 g - 2 scrolls of immolation {@r4}
 i - 2 scrolls of teleportation {@r2}
 j - a scroll of identify {@r1}
 q - 3 scrolls of remove curse {@r6}
 t - a scroll of blinking {@r3}
 y - a scroll of amnesia {unknown}
Potions
 a - 2 potions of lignification {unknown}
 d - 3 potions of heal wounds {@q2}
 f - 4 potions of curing {unknown}
 k - 2 potions of might {@q3}
 l - 2 potions of flight
 p - 2 potions of ambrosia {unknown}
 s - a potion of brilliance {unknown}
 v - 2 potions of degeneration {unknown}
 z - a potion of cancellation {unknown}
Comestibles
 e - 7 rations


   Skills:
 * Level 8.0(7.9) Fighting
 * Level 9.2(9.1) Axes
 + Level 7.1(7.0) Armour
 + Level 6.1(6.0) Dodging
   Level 6.6(6.5) Shields
 * Level 4.6(4.5) Invocations


You had 9 spell levels left.
You didn't know any spells.
Your spell library was empty.

Dungeon Overview and Level Annotations

Branches:
Dungeon (8/15)             Temple (1/1) D:6           Sewer (visited)
   Lair: D:8-11

Altars:
Ashenzari
Cheibriados
Dithmenos
Elyvilon
Fedhas
Hepliaklqana
Kikubaaqudgha
Makhleb
Nemelex Xobeh
Okawaru
Qazlal
Ru
Sif Muna
Uskayaw
Vehumet
Wu Jian
Xom
Yredelemnul
Zin
The Shining One

Annotations:
D:8 Erica, Prince Ribbit


Innate Abilities, Weirdness & Mutations

You are resistant to damage.
You can heal yourself by infusing magical energy.
You passively map the area around you.
You do not regenerate.
You have large cloven feet.
Your muscles are strong. (Str +2)
Your movements are slightly less encumbered by armour. (ER -2)


Message History

No target in view!
No target in view!
Things that are here:
a +0 dagger; a +0 robe; 15 bolts
Items here: )) [ ††† As you open the door, it creaks loudly!
You hear a shout!
A centaur comes into view.
An ogre comes into view. It is wielding a -1 giant club.
The ogre shouts!
The centaur wields a +0 shortbow.
The centaur shoots an arrow.
The arrow barely misses you.
Erica the Fiery-Tempered comes into view.
She is wielding a +0 scimitar of flaming.
Found a stone staircase leading down.
There is an open door here.
Erica screams, "Die!"
The centaur shoots an arrow.
The arrow completely misses you.
Erica screams, "You'll never get it!"
Found a scroll of blinking.
The centaur unwields a +0 shortbow.
The centaur hits you but does no damage.
Erica mumbles some strange words.
Erica flickers and vanishes!
Deactivating autopickup; reactivate with Ctrl-A.
The ogre hits you with a cursed -1 giant club!
The centaur hits you but does no damage.
You slice the centaur!! You burn the centaur.
You kill the centaur!
Makhleb accepts your kill.
You slash the ogre! You burn the ogre. The ogre hits you but does no damage.
Something hits you but does no damage.
You barely miss the ogre.
The ogre is severely wounded.
You closely miss something. The ogre closely misses you.
Something hits you but does no damage.
You hit the ogre. You burn the ogre.
The ogre is almost dead.
You miss something. The ogre barely misses you. Something hits you.
Something burns you.
You slash the ogre! You burn the ogre.
You kill the ogre!
Makhleb accepts your kill.
Your base Fighting skill increases to level 8!
You slash something! You burn something. Something hits you but does no damage.
No target in view!
No target in view!
No target in view!
No target in view!
No target in view!
No target in view!
No target in view!
No target in view!
No target in view!
No target in view!
Something hits you. Something burns you.
No target in view!
No target in view!
Something hits you. Something burns you. Something hits you.
Something burns you.
Things that are here:
a +0 shortbow; 14 arrows; a centaur corpse Something hits you.
Something burns you.
You barely miss something. Something hits you. Something burns you.
You slash something! You burn something. Something hits you but does no damage.
You hit something. You burn something. Something hits you but does no damage.
You closely miss something. Something hits you. Something burns you.
No target in view!
No target in view!
No target in view!
No target in view!
No target in view!
No target in view!
No target in view!
No target in view!
No target in view!
No target in view!
No target in view!
You closely miss something. Something hits you but does no damage.
You miss something.
Erica appears from thin air!
Reactivating autopickup.
Erica misses you.
You slash Erica! You burn Erica.
Erica is severely wounded.
Erica casts a spell at you.
You easily resist.
You hit Erica. You burn Erica.
Erica is severely wounded.
Erica casts a spell at you. The lance of force hits you!
You are knocked back by the lance of force.
You slam into the rock wall!
Erica casts a spell at you. The lance of force hits you!
* * * LOW HITPOINT WARNING * * *
You are knocked back by the lance of force.
You slam into the rock wall!
* * * LOW HITPOINT WARNING * * *
Erica casts a spell at you. The bolt of poison hits you!!
You are poisoned.
You die...

..# ############## ..#
#............# ..# *
#............# ... ,
,+..>.........# ... *
*#............# ...
#.......?....# ... *
######..))......# ##. ,
........@.#####.# * *
*#.......@.#####.# ,
#...............# ,,
#.#######'####### .,
,####.##..).(........ ...
#<##.##.#)..(....... **
.....#.##'##.#...........
.............#...........
,
.............|...........
##.#.............#######.


You could see Erica.

Vanquished Creatures
  Harold (D:7)
  Pikel (D:6)
  A hippogriff (D:7)
  Sigmund (D:5)
  Menkaure (D:5)
  Duvessa (D:6)
  2 orc warriors (D:6)
  Purgy (Sewer)
  A sky beast (D:6)
  A slave (D:6)
  A black bear (D:6)
  4 centaurs
  4 ogres
  A necrophage (D:6)
  4 bullfrogs
  A big kobold (D:7)
  A water moccasin zombie (D:8)
  A gnoll sergeant (D:6)
  Dowan (D:6)
  2 scorpions
  7 killer bees (D:8)
  3 howler monkeys
  5 wights (D:7)
  A bullfrog zombie (D:7)
  A centaur zombie (D:6)
  3 crimson imps
  2 jellies
  6 orc priests
  2 bullfrog skeletons
  3 hounds
  3 iguanas
  9 orc wizards
  4 worker ants
  4 gnolls (D:6)
  7 adders
  3 shadow imps
  An ooze (D:4)
  An adder skeleton (D:6)
  2 dart slugs
  5 leopard geckos
  31 orcs
  A ball python (D:6)
  6 giant cockroaches
  4 goblins
  9 hobgoblins
  5 jackals
  3 quokkas
  9 kobolds
  A quokka skeleton (D:4)
  4 rats
176 creatures vanquished.

Vanquished Creatures (others)
  An orc wizard (D:5)
  A gnoll (D:6)
  A jackal (D:3)
3 creatures vanquished.

Grand Total: 179 creatures vanquished

Notes
Turn   | Place    | Note
-------+----------+-------------------------------------------
     0 | D:1      | EnegeticOcto the Deep Dwarf Fighter began the quest for the
                  | Orb.
     0 | D:1      | Reached XP level 1. HP: 20/20 MP: 1/1
   103 | D:1      | Reached XP level 2. HP: 27/27 MP: 2/2
   337 | D:2      | Reached XP level 3. HP: 27/34 MP: 3/3
   338 | D:2      | Reached skill level 3 in Axes
   403 | D:3      | Reached skill level 1 in Dodging
   415 | D:4      | Reached XP level 4. HP: 31/42 MP: 4/4
   426 | D:4      | Reached XP level 5. HP: 27/49 MP: 5/5
   439 | D:3      | HP: 2/49 [hound (3)]
   466 | D:3      | Reached skill level 4 in Axes
   507 | D:4      | Reached XP level 6. HP: 36/57 MP: 5/5
   673 | D:4      | Found a glowing drain.
   681 | Sewer    | Entered a sewer
   740 | Sewer    | Noticed Purgy
   797 | Sewer    | Killed Purgy
   797 | Sewer    | Reached XP level 7. HP: 50/66 MP: 5/5
  1092 | D:5      | Entered Level 5 of the Dungeon
  1131 | D:5      | Reached skill level 5 in Axes
  1135 | D:5      | Gained mutation: You tend to lose your temper in combat.
                  | [potion of mutation]
  1135 | D:5      | Gained mutation: You have a pair of small horns on your
                  | head. [potion of mutation]
  1135 | D:5      | Gained mutation: Your muscles are strong. (Str +2) [potion
                  | of mutation]
  1136 | D:5      | Lost mutation: You tend to lose your temper in combat.
                  | [potion of mutation]
  1136 | D:5      | Lost mutation: You have a pair of small horns on your head.
                  | [potion of mutation]
  1136 | D:5      | Gained mutation: You have large cloven feet. [potion of
                  | mutation]
  1136 | D:5      | Gained mutation: Your movements are slightly less
                  | encumbered by armour. (ER -2) [potion of mutation]
  1188 | D:5      | Noticed Sigmund
  1213 | D:5      | Killed Sigmund
  1213 | D:5      | Reached skill level 5 in Fighting
  1213 | D:5      | Reached skill level 5 in Armour
  1213 | D:5      | Reached skill level 5 in Shields
  1221 | D:5      | Reached XP level 8. HP: 74/74 MP: 6/6
  1581 | D:5      | Reached skill level 6 in Axes
  1630 | D:5      | Noticed Menkaure
  1640 | D:5      | Killed Menkaure
  1966 | D:6      | Reached skill level 7 in Axes
  1999 | D:6      | Gained mutation: You passively map the area around you.
                  | [Deep Dwarf growth]
  1999 | D:6      | Reached XP level 9. HP: 71/82 MP: 7/7
  2083 | D:6      | Noticed Pikel
  2098 | D:6      | Killed Pikel
  2098 | D:6      | Reached skill level 5 in Dodging
  2150 | D:6      | Reached skill level 8 in Axes
  2157 | D:6      | Found a staircase to the Ecumenical Temple.
  2164 | D:6      | Noticed Dowan
  2164 | D:6      | Noticed Duvessa
  2172 | D:6      | Killed Dowan
  2184 | D:6      | Killed Duvessa
  2524 | Temple   | Entered the Ecumenical Temple
  2589 | Temple   | Became a worshipper of Makhleb the Destroyer
  2824 | D:6      | Identified a scroll of acquirement
  2824 | D:6      | Identified the +1 crystal plate armour of Shadows and Fog
                  | {rPois rF+ Str+2 Int-4} (You acquired it on level 6 of the
                  | Dungeon)
  2845 | D:7      | Reached skill level 1 in Invocations
  2900 | D:7      | Found a stormy altar of Qazlal.
  2944 | D:7      | You fall into a shaft and drop 1 floor!
  3029 | D:8      | Noticed Prince Ribbit
  3049 | D:7      | Reached XP level 10. HP: 51/94 MP: 9/9
  3149 | D:7      | Reached * piety under Makhleb
  3201 | D:7      | Noticed Harold
  3215 | D:7      | Killed Harold
  3215 | D:7      | Reached skill level 9 in Axes
  3576 | D:8      | Noticed Erica
  3603 | D:8      | Killed from afar by Erica

Levels and vault maps discovered:
D:1:      eino_arrival_tree_alley, layout_loops_ring, moated_statue
D:2:      layout_basic, grunt_gozag_statues, minmay_goblin_kobold_house
D:3:      layout_basic, first_ration, minmay_fractal_squares_diagonal_5
D:4:      layout_rooms, cheibrodos_sewer_entry_drain
D:5:      layout_basic, minmay_manual_macuahuitl, uniq_sigmund, uniq_menkaure
D:6:      minmay_chambers_of_threes, layout_gridville, temple_statues,
          sigmund_army, uniq_pikel, uniq_duvessa
D:7:      layout_basic, grunt_qazlal_sundering, uniq_harold
D:8:      layout_basic, basic_altar, uniq_erica, uniq_prince_ribbit1
Temple:   compressed_dpeg_triangle_lava_temple

Skill      XL: |  1  2  3  4  5  6  7  8  9 10 |
---------------+-------------------------------+-----
Fighting       | 3 4 5 6 7 8 |  8.0
Axes           | 3 4 5 7 8 9 |  9.2
Dodging        | 1 2 3 4 5 6 |  6.1
Shields        | 4 5 6 |  6.6
Armour         | 4 5 6 7 |  7.1
Invocations    | 2 4 |  4.6

Action                   |  1- 3 |  4- 6 |  7- 9 | 10-12 || total
-------------------------+-------+-------+-------+-------++-------
Melee: War axe           |    71 |   132 |   325 |       ||   528
       Kick              |       |       |    19 |       ||    19
       Battleaxe         |       |       |    43 |    74 ||   117
 Abil: Heal Wounds       |     1 |    13 |    12 |     3 ||    29
  Use: Potion            |       |     1 |     2 |       ||     3
       Scroll            |       |       |    13 |       ||    13
  Eat: Chunk             |       |       |    16 |     2 ||    18
Armor: Scale mail        |    33 |    42 |       |       ||    75
       Chain mail        |       |   123 |       |       ||   123
       Storm dragon scal |       |       |   265 |    53 ||   318
Dodge: Dodged            |    35 |   128 |   196 |    72 ||   431
Block: Kite shield       |    49 |   155 |   210 |       ||   414

Table legend:
 A = Non-vault XP
 B = Vault XP
 C = Vault XP percentage of total XP
 D = Non-vault monster count
 E = Vault monster count
 F = Vault count percentage of total count
                 A         B        C        D         E       F
            +---------+---------+-------+---------+---------+-------
      Total |    4655 |    2919 |  38.5 |     139 |      37 |  21.0
            +---------+---------+-------+---------+---------+-------
        D:1 |      23 |       0 |   0.0 |      11 |       0 |   0.0
        D:2 |      24 |       0 |   0.0 |       6 |       0 |   0.0
        D:3 |     153 |      27 |  15.0 |       7 |       7 |  50.0
        D:4 |     397 |       2 |   0.5 |      24 |       2 |   7.7
        D:5 |     534 |     500 |  48.4 |      19 |       5 |  20.8
        D:6 |    1550 |    1271 |  45.1 |      30 |      16 |  34.8
        D:7 |     891 |     976 |  52.3 |      18 |       1 |   5.3
        D:8 |    1083 |       0 |   0.0 |      24 |       0 |   0.0
      Sewer |       0 |     143 | 100.0 |       0 |       6 | 100.0
            +---------+---------+-------+---------+---------+-------
